 Dungeon Crawl Stone Soup version 0.29-a0-994-gc5c9f59d18 (webtiles) character file.

Game seed: 2580537954975886677

275 Sobieck the Spear-Bearer (level 6, -6/47 HPs)
             Began as a Merfolk Abyssal Knight on Aug 3, 2022.
             Was an Elder of Lugonu.
             Killed by divine providence
             ... invoked by an orc priest
              (12 damage)
             ... on level 4 of the Dungeon.
             The game lasted 00:05:42 (3490 turns).

Sobieck the Spear-Bearer (Merfolk Abyssal Knight)   Turns: 3490, Time: 00:05:43

Health: -6/47      AC:  6    Str: 14    XL:     6   Next: 24%
Magic:  7/7        EV: 12    Int:  9    God:    Lugonu [****..]
Gold:   120        SH:  0    Dex: 16    Spells: 5/5 levels left

rFire   + . .      SeeInvis .   a - +1 spear {polearm}
rCold   x . .      Faith    .   (no shield)
rNeg    . . .      Spirit   .   b - +0 leather armour
rPois   .          Reflect  .   e - +2 hat
rElec   .          Harm     .   h - +0 cloak
rCorr   .          Rampage  .   (no gloves)
Will    .....                   (no boots)
Stlth   +.........              (no amulet)
HPRegen 0.15/turn               l - ring of fire
MPRegen 0.10/turn               (no ring)

@: no status effects
A: (nimble swimmer 2), mertail
a: Renounce Religion, Depart the Abyss, Bend Space, Banish, Corrupt


You were on level 4 of the Dungeon.
You worshipped Lugonu.
Lugonu was greatly pleased with you.
You visited 1 branch of the dungeon, and saw 4 of its levels.
You visited the Abyss 1 time.

You collected 120 gold pieces.


Innate Abilities, Weirdness & Mutations

((You are very nimble when in or above water. (Stealth+, EV+, Speed+++)))
Your lower body shifts to a powerful aquatic tail in water.


   Skills:
 - Level 3.2 Fighting
 * Level 8.4 Polearms
 - Level 0.6 Armour
 - Level 2.6 Dodging
 - Level 2.0 Invocations


You had 5 spell levels left.
You didn't know any spells.
Your spell library contained the following spells:

 Spells                   Type           Power      Damage    Failure   Level
 Blink                    Tloc           0%         N/A       61%         2
 Lesser Beckoning         Tloc           0%         N/A       83%         3
 Manifold Assault         Tloc           0%         N/A       100%        5

Inventory:

Hand Weapons
 a - a +1 spear (weapon) {polearm}
 o - a +2 dagger of electrocution {short}
   (You took it off a goblin on level 4 of the Dungeon)
 A - a +2 dagger of protection {short}
   (You took it off an orc on level 3 of the Dungeon)
 D - a +1 hand axe of electrocution {axe}
   (You took it off an orc on level 3 of the Dungeon)
Missiles
 c - 23 stones {throwing}
 g - 2 javelins {throwing}
 r - 2 boomerangs of dispersal {=f!fthrowing}
Armour
 b - a +0 leather armour (worn)
 d - a +0 leather armour
   (You found it on level 4 of the Dungeon)
 e - a +2 hat (worn)
   (You found it on level 1 of the Dungeon)
 f - a +0 ring mail
   (You found it on level 1 of the Dungeon)
 h - a +0 cloak (worn)
   (You found it on level 1 of the Dungeon)
 j - a +0 robe
   (You found it on level 1 of the Dungeon)
 k - a +0 leather armour
   (You took it off an orc priest on level 4 of the Dungeon)
 p - a +0 ring mail
   (You took it off a goblin on level 4 of the Dungeon)
 q - a +0 ring mail
   (You took it off an orc on level 3 of the Dungeon)
 s - a +0 leather armour
   (You took it off an orc on level 3 of the Dungeon)
 t - a +0 leather armour
   (You found it on level 3 of the Dungeon)
 u - a +0 scale mail
   (You took it off an orc on level 3 of the Dungeon)
 v - a +0 ring mail
   (You found it on level 3 of the Dungeon)
 w - a +0 robe
   (You found it on level 3 of the Dungeon)
 y - a +0 leather armour
   (You found it on level 3 of the Dungeon)
 B - a +0 robe
   (You took it off an orc wizard on level 3 of the Dungeon)
 C - a +0 leather armour
   (You took it off an orc on level 3 of the Dungeon)
 F - a +0 leather armour
   (You took it off an orc on level 4 of the Dungeon)
 H - a +0 robe
   (You found it on level 3 of the Dungeon)
 I - a +0 robe
   (You found it on level 4 of the Dungeon)
Jewellery
 l - a ring of fire (left hand)
   (You found it on level 2 of the Dungeon)
Scrolls
 x - a scroll of blinking {!r}
 J - a scroll of teleportation {@r4}
Potions
 i - 2 potions of degeneration {unknown}
 m - a potion of lignification {unknown}
 n - a potion of flight {unknown}
 z - a potion of heal wounds {@q2}
 E - a potion of curing {unknown}
Miscellaneous
 G - a piece from Xom's chessboard (15/15)
   (You found it on level 3 of the Dungeon)

Dungeon Overview and Level Annotations

Branches:
Dungeon (4/15) Zot: 20599
 Temple: D:4-7

Altars:
Ashenzari
Nemelex Xobeh
Qazlal
Vehumet

.o..... ....# #.....###
..o... ....# #.......#
#>..##....## #.......#
#o)......... ##.......#
#....$.?.... .........#
#...........
.........#########...........
................##†..........
#.÷..........@o...........
..##............#############
..##............#
..##.....)......#
..#######.##.#.## ..#
#.##.#.#### ..# #....#....#
..#########..####.#
..†.......)..# #.#


You could see an orc priest.


Message History

You are too injured to fight recklessly!
You are too injured to fight recklessly!
You are too injured to fight recklessly!
You are too injured to fight recklessly!
You aren't in the Abyss!
You are too injured to fight recklessly!
You are too injured to fight recklessly!
You are too injured to fight recklessly!
You hit the orc. The orc barely misses you.
You hit the orc.
You kill the orc!
Lugonu accepts your kill.
F - a +0 leather armour;
I - a +0 robe
Things that are here:
a +0 hand axe {axe}; an orc corpse You now have 114 gold pieces (gained 19).
Things that are here:
a +0 hand axe {axe}; an orc corpse
J - a scroll of teleportation {@r4} You now have 120 gold pieces (gained 6).
Key pressed, stopping explore.
Unknown command.
An adder comes into view.
Found a scroll labelled GAR KOEMAI and a hand axe.
Found a stone staircase leading down.
Danger!
You hit the adder but do no damage. The adder bites you.
You hit the adder. The adder bites you but does no damage.
You hit the adder but do no damage. You miss the adder.
The adder barely misses you.
You barely miss the adder. The adder bites you but does no damage.
You barely miss the adder. The adder closely misses you.
You barely miss the adder. The adder bites you but does no damage.
You hit the adder. The adder bites you.
Unknown command.
You closely miss the adder. The adder bites you but does no damage.
You barely miss the adder. The adder closely misses you.
You barely miss the adder. The adder closely misses you.
You barely miss the adder. The adder bites you but does no damage.
You hit the adder. You hit the adder. The adder bites you but does no damage.
You barely miss the adder. The adder completely misses you.
You closely miss the adder. The adder closely misses you.
You hit the adder.
You kill the adder!
Lugonu accepts your kill.
No target in view!
An orc and an orc priest come into view.
The orc shouts!
The orc priest shouts!
You hear a shout!
Danger!
Unknown command.
Unknown command.
Unknown command.
Danger!
Unknown command.
You reach to attack!
You hit the orc. You puncture the orc!
You kill the orc!
Lugonu accepts your kill.
No target in view!
Unknown command.
You see here a +0 whip {mace}.
Danger!
You hit the orc priest but do no damage.
The orc priest barely misses you.
You hit the orc priest but do no damage.
The orc priest hits you with a +0 short sword.
You hit the orc priest.
You hit the orc priest but do no damage.
The orc priest hits you with a +0 short sword.
You hit the orc priest. The orc priest barely misses you.
You closely miss the orc priest.
You hit the orc priest but do no damage.
The orc priest invokes the aid of Beogh against you.
Beogh smites you!
You are too injured to fight recklessly!
You are too injured to fight recklessly!
You completely miss the orc priest.
The orc priest hits you with a +0 short sword.
You hit the orc priest but do no damage.
You hit the orc priest but do no damage.
The orc priest hits you but does no damage.
You closely miss the orc priest. The orc priest barely misses you.
You completely miss the orc priest.
Unknown command.
You hit the orc priest.
The orc priest mumbles some strange prayers to Beogh against you.
Beogh smites you!
* * * LOW HITPOINT WARNING * * *
You hit the orc priest. The orc priest barely misses you.
You hit the orc priest but do no damage.
The orc priest invokes the aid of Beogh against you.
Beogh smites you!
* * * LOW HITPOINT WARNING * * *
You hit the orc priest.
Unknown command.
You closely miss the orc priest.
The orc priest invokes the aid of Beogh against you.
Beogh smites you!
You die...

Skill      XL: |  1  2  3  4  5 |
---------------+----------------+-----
Polearms       | 3 4 5 6 8 |  8.4
Fighting       | |  3.2
Armour         | |  0.6
Dodging        | |  2.6
Invocations    | |  2.0

Action                   |  1- 3 |  4- 6 || total
-------------------------+-------+-------++-------
Melee: Spear             |   116 |   220 ||   336
       Punch             |     1 |     2 ||     3
  Use: Scroll            |       |     6 ||     6
 Stab: Sleeping          |     3 |       ||     3
Armor: Leather armour    |    17 |    38 ||    55
Dodge: Dodged            |    60 |    57 ||   117

Levels and vault maps discovered:
D:1:      lightli_arrival_isolated_outpost, layout_basic, moated_statue,
          minmay_tromino_v4_c
D:2:      layout_basic
D:3:      minmay_octagon_keep, layout_loops_ring, mainiacjoe_overflow_catwalk,
          nicolae_overflow_hidden_temple, mainiacjoe_overflow_large_starburst
D:4:      layout_basic, marbit_many_paths, uniq_eustachio

Notes
Turn   | Place    | Note
-------+----------+-------------------------------------------
     0 | Abyss:1  | Sobieck the Merfolk Abyssal Knight began the quest for the
                  | Orb.
     0 | Abyss:1  | Reached XP level 1. HP: 18/18 MP: 2/2
     1 | D:1      | You pass through the gate.
     1 | D:1      | Escaped the Abyss
    63 | D:1      | Reached skill level 3 in Polearms
   237 | D:1      | Reached XP level 2. HP: 20/24 MP: 3/3
   402 | D:1      | Reached skill level 4 in Polearms
   851 | D:1      | Reached *** piety under Lugonu
   852 | D:1      | Reached XP level 3. HP: 29/29 MP: 4/4
  1121 | D:2      | Reached skill level 5 in Polearms
  1200 | D:2      | You pick up a book of Spatial Translocations and begin
                  | reading...
  1200 | D:2      | You add the spells Blink, Lesser Beckoning and Manifold
                  | Assault to your library.
  1464 | D:2      | Reached XP level 4. HP: 35/35 MP: 5/5
  1765 | D:3      | Found a radiant altar of Vehumet.
  1794 | D:3      | Found a sparkling altar of Nemelex Xobeh.
  1850 | D:3      | Found a stormy altar of Qazlal.
  1882 | D:3      | Found a broken altar of Ashenzari.
  1896 | D:3      | Reached skill level 6 in Polearms
  2284 | D:3      | Reached XP level 5. HP: 33/41 MP: 6/6
  2635 | D:4      | Reached skill level 7 in Polearms
  2956 | D:4      | Reached skill level 8 in Polearms
  2956 | D:4      | Reached XP level 6. HP: 46/47 MP: 7/7
  3130 | D:4      | HP: 9/47 [goblin/+2 dagger of electrocution (17)]
  3132 | D:4      | Reached **** piety under Lugonu
  3488 | D:4      | HP: 5/47 [orc priest/divine providence (12)]
  3490 | D:4      | Killed from afar by an orc priest

Vanquished Creatures
  A scorpion (D:4)
  A jelly (D:4)
  An orc priest (D:4)
  An orc wizard (D:3)
  4 adders
  A dart slug (D:4)
  13 orcs
  6 endoplasms
  A giant cockroach (D:3)
  10 goblins
  6 hobgoblins
  4 jackals (D:4)
  3 quokkas
  6 ball pythons
  7 bats
  3 frilled lizards
  3 kobolds
  6 rats
77 creatures vanquished.

Table legend:
 A = Non-vault XP
 B = Vault XP
 C = Vault XP percentage of total XP
 D = Non-vault monster count
 E = Vault monster count
 F = Vault count percentage of total count
                 A         B        C        D         E       F
            +---------+---------+-------+---------+---------+-------
      Total |     361 |      32 |   8.1 |      66 |      11 |  14.3
            +---------+---------+-------+---------+---------+-------
        D:1 |      32 |       2 |   5.9 |      20 |       1 |   4.8
        D:2 |      48 |       0 |   0.0 |      16 |       0 |   0.0
        D:3 |      73 |      30 |  29.1 |      17 |      10 |  37.0
        D:4 |     208 |       0 |   0.0 |      13 |       0 |   0.0
            +---------+---------+-------+---------+---------+-------

Illustrated notes

Table legend:
 A = Kills in this place as a percentage of kills in entire the game.
 B = Kills by you in this place as a percentage of kills by you in the entire game.
 C = Kills by friends in this place as a percentage of kills by friends in the entire game.
 D = Other kills in this place as a percentage of other kills in the entire game.
 E = Experience gained in this place as a percentage of experience gained in the entire game.
 F = Experience gained in this place divided by the number of levels of this place that you have seen.
                   A       B       C       D       E      F
               +-------+-------+-------+-------+-------+----------------------
         Total | 100.0 | 100.0 |   N/A |   N/A | 100.0 |  78.6
       Dungeon | 100.0 | 100.0 |   N/A |   N/A | 100.0 |  98.2
               +-------+-------+-------+-------+-------+----------------------

Table legend: (Time is in decaauts)
 A = Elapsed time spent in this place.
 B = Non-inter-level travel time spent in this place.
 C = Inter-level travel time spent in this place.
 D = Time resting spent in this place.
 E = Time spent auto-exploring this place.
 F = Levels seen in this place.
 G = Mean time per level.
                   A        B        C        D        E       F      G
               +--------+--------+--------+--------+--------+-----+--------+
         Total |   3400 |   3329 |     71 |    452 |   2325 |   5 |  680.0 |
       Dungeon |   3399 |   3328 |     71 |    452 |   2325 |   4 |  849.8 |
         Abyss |      1 |      1 |      0 |      0 |      0 |   1 |    1.0 |
               +--------+--------+--------+--------+--------+-----+--------+

Top non-repeatable levels by time:
     D:3: 1227 daAuts
     D:1: 915 daAuts
     D:4: 654 daAuts
     D:2: 602 daAuts
 Abyss:1: 1 daAuts
